Map: Echo LE (Void)

Players

Javert

  • Race: Zerg Zerg
  • League: Grandmaster

MetalBitch - Winner!

  • Race: Zerg Zerg
  • League: Grandmaster

VOD

Have the link to the VOD?

Description

Time

  • Played on: June 24, 2015, 2:59 p.m.
  • Length: 5:41
Show
View Real Time Build Order
Export as new Build Order

Javert Zerg 

Build Orders: Hatch First 

Get SALT Encoding   

  12  0:01  Drone  
  13  0:12  Overlord  
  13  0:18  Drone  
  14  0:31  Drone x2  
  16  0:51  Hatchery  
  16  0:52  Drone  
  16  0:56  Extractor  
  15  0:57  Drone  
  15  1:02  Drone  
  17  1:09  Drone  
  18  1:21  Spawning Pool  
  18  1:23  Drone  
  18  1:31  Drone  
  19  1:39  Overlord  
  19  1:50  Drone  
  20  2:03  Drone x2  
  20  2:07  Metabolic Boost  
  22  2:08  Queen  
  22  2:10  Queen  
  22  2:15  Drone  
  27  2:17  Zergling x2  
  28  2:23  Zergling x2  
  29  2:30  Zergling x2  
  29  2:34  Zergling x2  
  31  2:37  Drone  
  32  2:45  Drone  
  33  2:58  Drone x3  
  36  3:05  Overlord  
  36  3:24  Drone x5  
  40  3:35  Drone x2  
  40  3:36  Drone x2  
  44  3:55  Overlord  
  41  4:04  Roach Warren  
  41  4:06  Evolution Chamber  
  41  4:07  Zergling x2  
  41  4:08  Evolution Chamber, Zergling x6  
  42  4:17  Spine Crawler  
  42  4:18  Zergling x2  
  42  4:23  Drone x2  
  44  4:25  Lair  
  44  4:28  Extractor  
  43  4:40  Drone x5  
  48  4:48  Overlord x2  
  48  4:55  Roach x2  
  52  5:05  Overlord  
  52  5:09  Extractor x2  
  52  5:10  Roach x4  
  58  5:17  Roach x5  
Show
View Real Time Build Order
Export as new Build Order

MetalBitch Zerg - Winner!

Build Orders: Hatch First, Zergling Baneling 

Get SALT Encoding   

  12  0:01  Drone  
  13  0:10  Drone  
  14  0:15  Extractor  
  14  0:16  Drone  
  15  0:38  Hatchery  
  14  0:48  Drone, Extractor  
  14  0:49  Drone, Extractor  
  16  1:02  Spawning Pool  
  15  1:08  Extractor  
  15  1:09  Drone, Extractor  
  15  1:30  Overlord  
  15  1:48  Drone x3  
  15  1:49  Queen  
  15  1:51  Zergling x2  
  21  1:56  Queen  
  23  2:03  Drone  
  24  2:10  Metabolic Boost  
  24  2:15  Drone x2  
  26  2:26  Overlord  
  26  2:37  Drone  
  26  2:38  Drone  
  28  2:49  Drone x2  
  28  2:50  Drone x2, Baneling Nest  
  31  2:53  Drone  
  31  3:03  Drone x4  
  35  3:09  Zergling x2  
  35  3:12  Overlord  
  36  3:20  Spine Crawler  
  36  3:22  Zergling x2  
  36  3:32  Zergling x12  
  42  3:40  Zergling x6  
  41  4:00  Drone  
  41  4:01  Drone x2  
  44  4:02  Lair  
  44  4:05  Hatchery  
  44  4:09  Drone  
  44  4:16  Overlord  
  43  4:32  Drone  
  43  4:35  Drone x4  
  47  4:40  Drone  
  48  4:45  Drone  
  48  4:46  Drone x2  
  48  4:47  Baneling x8  
  48  4:51  Extractor  
  50  4:53  Extractor  
  50  4:58  Roach Warren  
  48  5:01  Evolution Chamber, Drone  
  48  5:02  Drone x3  
  48  5:05  Overlord x3  
  51  5:15  Overlord  
  45  5:29  Drone x7  
Tags
 
Add a new tag
Caveats
  • Supply blocks, unpowered buildings, or Contaminate may cause inaccurate times.
  • Supply counts are checked every 10 seconds.